 Dungeon Sprint DCSS version 0.20-a0-268-gb6bde61 (webtiles) character file.

8481 Faca the Peltast (level 11, -2/85 HPs)
             Began as a Formicid Fighter on Dec 8, 2016.
             Was a High Priest of Okawaru.
             Killed by the air
             ... invoked by a spriggan air mage
              (5 damage)
             ... in the Dungeon (Sprint V: "Ziggurat Sprint").
             The game lasted 00:12:06 (736 turns).

Faca the Peltast (Formicid Fighter)                  Turns: 736, Time: 00:12:09

Health: -2/85      AC: 34    Str: 29    XL:     11   Next: 56%
Magic:  9/9        EV:  4    Int:  7    God:    Okawaru [*****.]
Gold:   0          SH: 34    Dex: 19    Spells: 10/10 levels left

rFire  . . .     SeeInvis +     E - +10 dark maul {crush}
rCold  . . .     Gourm    .     F - +15 Maxwell's patent armour {-Cast -Tele rElec MR+ rCorr}
rNeg   + . .     Faith    .     H - +18 shield of the Gong {rElec rN+ MR+ EV-5}
rPois  .         Spirit   .     (helmet unavailable)
rElec  +         Reflect  .     (no cloak)
rCorr  +         Harm     .     p - +0 pair of gloves {Str+3}
MR     +++..     NoCast   +     n - +1 pair of boots {run}
Stlth  ..........               K - amulet of regeneration
                                G - +6 ring of strength
                                k - +6 ring of dexterity

@: lethally poisoned (-2 -> -2), quick
A: permanent stasis, dig shafts and tunnels, four strong arms, antennae 3,
deterioration 1, dopey 1, frail 1, low mp 1
a: Dig, Heroism, Finesse, Renounce Religion


You were in the Dungeon.
You worshipped Okawaru.
Okawaru was extremely pleased with you.
You were not hungry.

You visited 1 branch

Inventory:

Hand Weapons
 E - the +10 dark maul (weapon) {crush}
   (You found it in the Dungeon)

   It inflicts extra damage upon your enemies.
 J - the +7 great mace "Firestarter" {inner flame, rF++}
   (You found it in the Dungeon)

   It has been specially enchanted to burn those struck by it, causing extra
   injury to most foes and up to half again as much damage against particularly
   susceptible opponents.
   It greatly protects you from fire.
Armour
 l - a +5 crystal plate armour
 m - +5 gold dragon scales
 n - a +1 pair of boots of running (worn)
 p - a +0 pair of gloves of strength (worn)
 F - the +15 Maxwell's patent armour (worn) {-Cast -Tele rElec MR+ rCorr}
   (You found it in the Dungeon)

   It insulates you from electricity.
   It affects your resistance to hostile enchantments.
   It prevents spellcasting.
   It prevents most forms of teleportation.
   It protects you from acid and corrosion.
 H - the +18 shield of the Gong (worn) {rElec rN+ MR+ EV-5}
   (You found it in the Dungeon)

   It affects your evasion (-5).
   It insulates you from electricity.
   It protects you from negative energy.
   It affects your resistance to hostile enchantments.
Rods
 C - a +2 rod of ignition (14/14)
   (You found it in the Dungeon)
Jewellery
 j - a +6 ring of dexterity
 k - a +6 ring of dexterity (left hand)
 o - an uncursed ring of protection from fire
 G - a +6 ring of strength (right hand)
 K - an amulet of regeneration (around neck)
Wands
 a - a wand of disintegration (7/24)
 b - a wand of iceblast (5/15)
 c - a wand of lightning (5/15)
 h - a wand of acid (5/15)
Scrolls
 s - 4 scrolls of amnesia
 t - 3 scrolls of recharging
 u - 7 scrolls of fog
 v - a scroll of holy word
 w - 5 scrolls of identify
 x - 5 scrolls of remove curse
 y - 2 scrolls of fear
Potions
 d - 6 potions of might
 e - 10 potions of curing
 g - 10 potions of heal wounds
 i - 7 potions of magic
 z - 2 potions of brilliance
 A - 2 potions of invisibility
 B - 4 potions of resistance
 D - 5 potions of agility
Miscellaneous
 I - a disc of storms
Comestibles
 f - 5 bread rations
 q - 42 fruits
 r - 4 meat rations


   Skills:
 + Level 12.1 Fighting
 + Level 15.9 Maces & Flails
 + Level 11.7 Armour
 + Level 1.1 Dodging
 + Level 17.0 Shields


You had 10 spell levels left.
You didn't know any spells.

Dungeon Overview and Level Annotations

Branches:
Dungeon (1/1)

Altars:
Ashenzari
Cheibriados
Dithmenos
Elyvilon
Fedhas
Gozag
Hepliaklqana
Kikubaaqudgha
Makhleb
Nemelex Xobeh
Okawaru
Qazlal
Ru
Sif Muna
Trog
Uskayaw
Vehumet
Xom
Yredelemnul
Zin
The Shining One
Beogh
Jiyva
Lugonu


Innate Abilities, Weirdness & Mutations

You cannot be hasted, slowed, berserked, paralysed or teleported.
You can dig through walls and to a lower floor.
Your four strong arms can wield two-handed weapons with a shield.
You have a pair of large antennae on your head. (SInv)
Your body sometimes deteriorates upon taking damage.
You are dopey. (Int -2)
You are frail. (-10% HP)
Your magical capacity is low. (-10% MP)


Message History

* * * LOW HITPOINT WARNING * * *
You block the spriggan berserker's attack.
GONNNNG!
The dryad barely misses you. You block the spriggan druid's attack.
GONNNNG!
The dryad hits you but does no damage.
The spriggan rider hits you but does no damage.
The spriggan berserker hits you but does no damage.
You pound the spriggan druid like an anvil!!!!
With its final breath, the spriggan druid offers up its power to the beasts of the wild!
The wolf seems to grow more fierce.
The wind drake seems to grow more fierce.
You kill the spriggan druid!
Okawaru is honoured by your kill.
Your Shields skill increases to level 17!
You feel sick. You block the wolf's attack.
SHROANNG!
The spriggan air mage waves its arms in wide circles.
The air twists around and strikes you!
You die...

▓..[})))..▓..:[:[|..▓
▓..}")[)..▓...[)::..▓
▓.........▓.........▓
▓.........▓.........▓
▓.........▓.........▓
▓.........▓.........▓
▓....ik...▓.▓.....▓.▓
▓.▓..Rhi▓.▓.........▓
▓...iR@i..▓▓▓▓▓▓▓▓▓▓▓
▓▓▓▓▓▓▓▓▓▓▓


{{{{{{{{ {{{{{{{{{ {{{{{{{{{{{{{{{{{{ {{{{{{{{{{{{{{{{{{ {{{{{{ You could see a
spriggan rider, a wind drake, a spriggan berserker, 2 dryads, a spriggan air
mage, a spriggan druid and a wolf.

Vanquished Creatures
  A death scarab (D)
  A thrashing horror (D)
  A spriggan berserker (D)
  A spriggan druid (D)
  A shining eye (D)
  A rime drake (D)
  4 merfolk (D)
  2 guardian mummies (D)
  3 slime creatures (D)
  3 spriggans (D)
  A flying skull (D)
  A wraith (D)
  A wyvern (D)
  2 acid dragons (D)
  3 floating eyes (D)
  2 swamp drakes (D)
  2 black bears (D)
  A necrophage (D)
  A phantom (D)
  An eye of draining (D)
  2 wolves (D)
  A wight (D)
  A quasit (D)
  An orc wizard (D)
  An orc priest (D)
  2 iron imps (D)
  A mummy (D)
  2 adders (D)
  3 shadow imps (D)
  A white imp (D)
  3 oozes (D)
  2 adder skeletons (D)
  2 ball pythons (D)
  A ball python simulacrum (D)
56 creatures vanquished.

Notes
Turn   | Place    | Note
-------+----------+-------------------------------------------
     0 | D        | Faca the Formicid Fighter began the quest for the Orb.
     0 | D        | Reached XP level 1. HP: 18/18 MP: 1/1
     3 | D        | Found a blossoming altar of Fedhas.
     5 | D        | Found a viscous altar of Jiyva.
     5 | D        | Found a hazy altar of Hepliaklqana.
     5 | D        | Found an opulent altar of Gozag.
     5 | D        | Found an ancient bone altar of Kikubaaqudgha.
     5 | D        | Found a corrupted altar of Lugonu.
    17 | D        | Found a burning altar of Makhleb.
    18 | D        | Found a sacrificial altar of Ru.
    18 | D        | Found a stormy altar of Qazlal.
    18 | D        | Found a deep blue altar of Sif Muna.
    18 | D        | Found an iron altar of Okawaru.
    18 | D        | Found a bloodstained altar of Trog.
    18 | D        | Found a sparkling altar of Nemelex Xobeh.
    83 | D        | Became a worshipper of Warmaster Okawaru
   126 | D        | Entered arena 1.
   126 | D        | Noticed an orc priest
   126 | D        | Noticed an orc wizard
   128 | D        | Killed an orc wizard
   128 | D        | Reached skill level 5 in Shields
   128 | D        | Reached XP level 2. HP: 23/26 MP: 2/2
   128 | D        | Reached XP level 3. HP: 29/32 MP: 3/3
   132 | D        | Reached * piety under Okawaru
   132 | D        | Reached skill level 5 in Fighting
   132 | D        | Reached skill level 5 in Armour
   132 | D        | Reached XP level 4. HP: 36/39 MP: 4/4
   149 | D        | Entered arena 2.
   149 | D        | Noticed an eye of draining
   152 | D        | Reached skill level 6 in Shields
   155 | D        | Killed an eye of draining
   155 | D        | Reached skill level 7 in Shields
   155 | D        | Reached XP level 5. HP: 47/47 MP: 0/5
   164 | D        | Entered arena 3.
   171 | D        | Reached skill level 8 in Shields
   322 | D        | Entered arena 4.
   322 | D        | Noticed a merfolk
   322 | D        | Noticed a merfolk
   322 | D        | Noticed a merfolk
   322 | D        | Noticed a merfolk
   325 | D        | Killed a merfolk
   325 | D        | Reached ** piety under Okawaru
   325 | D        | Reached skill level 10 in Shields
   325 | D        | Reached XP level 6. HP: 56/56 MP: 6/6
   325 | D        | Reached XP level 7. HP: 62/62 MP: 7/7
   326 | D        | Killed a merfolk
   328 | D        | Killed a merfolk
   328 | D        | Reached *** piety under Okawaru
   328 | D        | Reached skill level 11 in Shields
   328 | D        | Reached XP level 8. HP: 55/71 MP: 8/8
   332 | D        | Killed a merfolk
   332 | D        | Reached skill level 10 in Maces & Flails
   340 | D        | Entered arena 5.
   347 | D        | Reached skill level 12 in Shields
   432 | D        | Reached skill level 10 in Fighting
   432 | D        | Reached skill level 10 in Armour
   432 | D        | Reached XP level 9. HP: 78/78 MP: 9/9
   436 | D        | Entered arena 6.
   436 | D        | Noticed a guardian mummy
   436 | D        | Noticed a death scarab
   436 | D        | Noticed a guardian mummy
   439 | D        | Killed a death scarab
   439 | D        | Reached **** piety under Okawaru
   439 | D        | Reached skill level 13 in Shields
   439 | D        | Reached XP level 10. HP: 86/86 MP: 10/10
   444 | D        | Reached skill level 1 in Dodging
   444 | D        | Reached skill level 14 in Shields
   445 | D        | Reached ***** piety under Okawaru
   457 | D        | Entered arena 7.
   457 | D        | Noticed a rime drake
   460 | D        | Killed a rime drake
   605 | D        | Entered arena 8.
   613 | D        | Received a gift from Okawaru
   616 | D        | Reached skill level 15 in Shields
   619 | D        | Got a pitted ring mail {god gift}
   632 | D        | Identified the +1 ring mail of the Invisible Lovers {-Tele +Fly rC- rCorr} (Okawaru gifted it to you in the Dungeon)
   662 | D        | Identified a +1 pair of boots of running (You found it in the Dungeon)
   663 | D        | Entered arena 9.
   663 | D        | Noticed a shining eye
   663 | D        | Gained mutation: Your body sometimes deteriorates upon taking damage. [a shining eye]
   668 | D        | Reached XP level 11. HP: 81/93 MP: 11/11
   673 | D        | Gained mutation: Your magical capacity is low. (-10% MP) [a shining eye]
   675 | D        | Gained mutation: You are dopey. (Int -2) [a shining eye]
   677 | D        | Gained mutation: You are frail. (-10% HP) [a shining eye]
   678 | D        | Killed a shining eye
   680 | D        | Reached skill level 15 in Maces & Flails
   682 | D        | Reached skill level 16 in Shields
   698 | D        | Entered arena 10.
   698 | D        | Noticed a thrashing horror
   710 | D        | Killed a thrashing horror
   729 | D        | Entered arena 11.
   729 | D        | Noticed a spriggan rider
   729 | D        | Noticed a spriggan air mage
   729 | D        | Noticed a spriggan druid
   730 | D        | Noticed a spriggan berserker
   730 | D        | Noticed a spriggan druid
   730 | D        | Noticed a spriggan berserker
   735 | D        | Killed a spriggan berserker
   735 | D        | HP: 3/85 [spriggan berserker/+3 rod of ignition (10/10) (6)]
   736 | D        | Killed a spriggan druid
   736 | D        | Reached skill level 17 in Shields
   736 | D        | Killed from afar by a spriggan air mage

Vault maps used:
D:        sprint_v

Skill      XL: |  1  2  3  4  5  6  7  8  9 10 11 |
---------------+----------------------------------+-----
Fighting       | 4 5 6 8 9 10 11 12 | 12.1
Armour         | 4 5 6 7 8 10 11 | 11.7
Shields        | 5 7 10 11 12 13 15 17 | 17.0
Maces & Flails | 3 4 7 9 11 12 14 15 | 15.9
Dodging        | 1 |  1.1

Action                   |  1- 3 |  4- 6 |  7- 9 | 10-12 || total
-------------------------+-------+-------+-------+-------++-------
Melee: Maul              |     4 |    12 |    16 |    64 ||    96
  Use: Potion            |       |       |     1 |       ||     1
Armor: Plate armour      |     2 |    26 |    15 |   119 ||   162
Dodge: Dodged            |       |     1 |     3 |    24 ||    28
Block: Shield            |     5 |    31 |    45 |   186 ||   267
